[ PARTIDA AOE2 · #470018149 ]
UnrankedBúlgaros vs Shu
[ ANÁLISIS DE REPETICIÓN · EXTRAÍDO DE LA PARTIDA GRABADA ]
Feudal
8:53
Castillos
20:24
Imperial
—
| APM promedio | 37.5 |
| APM pico | 71 |
| eAPM promedio | 20.6 |
| Aldeanos / militares | 106 / 59 |
Foco
⚔️ 31.6% · 🌾 68.4%
Knight ×25 · Konnik ×12 · Spearman ×8 · Mangonel ×7 · Monk ×4 · Scout Cavalry ×3
Feudal
11:50
Castillos
15:27
Imperial
35:15
| APM promedio | 36.8 |
| APM pico | 63 |
| eAPM promedio | 14.5 |
| Aldeanos / militares | 117 / 56 |
Foco
⚔️ 29.9% · 🌾 70.1%
Archer ×48 · Unknown (1962) ×16 · Spearman ×7 · Battering Ram ×1
Feudal
11:23
Castillos
15:23
Imperial
—
| APM promedio | 45.2 |
| APM pico | 81 |
| eAPM promedio | 21.9 |
| Aldeanos / militares | 124 / 49 |
Foco
⚔️ 35.7% · 🌾 64.3%
Janissary ×43 · Mangonel ×5 · Battering Ram ×1
Feudal
11:22
Castillos
15:01
Imperial
—
| APM promedio | 46.2 |
| APM pico | 64 |
| eAPM promedio | 18.9 |
| Aldeanos / militares | 126 / 37 |
Foco
⚔️ 20.4% · 🌾 79.6%
Scorpion ×28 · Battering Ram ×5 · Monk ×3 · Mangonel ×1
Feudal
10:57
Castillos
14:49
Imperial
27:57
| APM promedio | 29.3 |
| APM pico | 72 |
| eAPM promedio | 20.3 |
| Aldeanos / militares | 181 / 124 |
Foco
⚔️ 23.0% · 🌾 77.0%
Spearman ×116 · Serjeant ×6 · Battering Ram ×2
Feudal
11:47
Castillos
14:29
Imperial
30:35
| APM promedio | 31.1 |
| APM pico | 64 |
| eAPM promedio | 23.5 |
| Aldeanos / militares | 169 / 109 |
Foco
⚔️ 30.5% · 🌾 69.5%
Battle Elephant ×102 · Scorpion ×5 · Trebuchet (Packed) ×2
Feudal
9:22
Castillos
17:06
Imperial
32:06
| APM promedio | 54.2 |
| APM pico | 95 |
| eAPM promedio | 34.1 |
| Aldeanos / militares | 181 / 66 |
Foco
⚔️ 37.7% · 🌾 62.3%
War Elephant ×58 · Mangonel ×6 · Monk ×1 · Battering Ram ×1
Feudal
9:17
Castillos
19:59
Imperial
—
| APM promedio | 31.1 |
| APM pico | 95 |
| eAPM promedio | 15.3 |
| Aldeanos / militares | 132 / 77 |
Foco
⚔️ 27.1% · 🌾 72.9%
Camel Scout ×41 · Shrivamsha Rider ×33 · Scout Cavalry ×3
Mapa de la partida
Recursos iniciales + cada clic de construcción. Líneas = muros · curvas = relieve. ◆ oro · ⬟ piedra · ● bayas · ✦ reliquia · ◌ hueco del cierre
Tu base· ✓ Separados por el mapa
Base de Wolf Knight· ✓ Separados por el mapa
Base de MLT | Anna Flank· ✓ Separados por el mapa
Base de the_llamatoast· ✓ Separados por el mapa
Base de Dott_Berlu· ✓ Separados por el mapa
Base de Spank~· ✓ Separados por el mapa
Base de Simvall· ✓ Separados por el mapa
Base de Paradigma· ✓ Separados por el mapa
Terreno inicial suavizado · ◌ = hueco del cierre detectado · pasá el cursor para detalles
Inputs por minuto
— Marco Aurelio - - Wolf Knight
Build order — Marco Aurelio
Primeras 150 de 264 acciones detectadas
| 0:01 | Crear | Villager (Male) |
| 0:01 | Crear | Villager (Male) |
| 0:02 | Crear | Villager (Male) |
| 0:03 | Construir | House |
| 0:04 | Construir | House |
| 0:33 | Crear | Villager (Male) |
| 1:29 | Crear | Villager (Male) |
| 1:30 | Crear | Villager (Male) |
| 1:54 | Crear | Villager (Male) |
| 1:54 | Crear | Villager (Male) |
| 2:16 | Crear | Villager (Male) |
| 2:16 | Crear | Villager (Male) |
| 2:35 | Construir | Lumber Camp |
| 2:50 | Crear | Villager (Male) |
| 2:50 | Crear | Villager (Male) |
| 3:07 | Crear | Villager (Male) |
| 3:07 | Crear | Villager (Male) |
| 3:19 | Construir | House |
| 3:36 | Crear | Villager (Male) |
| 3:36 | Crear | Villager (Male) |
| 4:05 | Crear | Villager (Male) |
| 4:05 | Crear | Villager (Male) |
| 4:05 | Crear | Villager (Male) |
| 4:40 | Construir | Mill |
| 4:53 | Crear | Villager (Male) |
| 4:53 | Crear | Villager (Male) |
| 5:03 | Crear | Villager (Male) |
| 5:23 | Investigar | Loom |
| 6:43 | Investigar | Feudal Age |
| 6:43 | Investigar | Feudal Age |
| 6:52 | Construir | House |
| 7:24 | Crear | Villager (Male) |
| 7:24 | Crear | Villager (Male) |
| 7:36 | Construir | Barracks |
| 8:29 | Construir | House |
| 8:53 | Edad | Edad Feudal |
| 8:59 | Construir | Stable |
| 9:28 | Crear | Villager (Male) |
| 9:41 | Construir | Lumber Camp |
| 9:44 | Investigar | Double-Bit Axe |
| 9:44 | Investigar | Double-Bit Axe |
| 9:45 | Crear | Villager (Male) |
| 9:47 | Crear | Scout Cavalry |
| 9:47 | Crear | Scout Cavalry |
| 10:27 | Investigar | Horse Collar |
| 10:33 | Construir | Farm |
| 10:38 | Crear | Villager (Male) |
| 10:40 | Construir | Farm |
| 10:52 | Construir | Farm |
| 10:56 | Crear | Villager (Male) |
| 11:03 | Crear | Scout Cavalry |
| 11:08 | Construir | Farm |
| 11:13 | Construir | House |
| 11:15 | Crear | Villager (Male) |
| 11:21 | Construir | Farm |
| 11:27 | Construir | Farm |
| 11:49 | Construir | Farm |
| 11:51 | Construir | Farm |
| 11:55 | Crear | Villager (Male) |
| 11:55 | Crear | Villager (Male) |
| 12:01 | Construir | Farm |
| 12:18 | Crear | Spearman |
| 12:27 | Crear | Villager (Male) |
| 12:27 | Crear | Villager (Male) |
| 12:31 | Construir | Farm |
| 12:31 | Construir | Farm |
| 12:41 | Crear | Spearman |
| 12:51 | Construir | Farm |
| 12:56 | Construir | Farm |
| 12:59 | Construir | Farm |
| 13:00 | Crear | Villager (Male) |
| 13:13 | Crear | Spearman |
| 13:24 | Construir | Farm |
| 13:27 | Crear | Villager (Male) |
| 13:29 | Construir | Farm |
| 13:32 | Construir | Farm |
| 13:40 | Crear | Villager (Male) |
| 13:42 | Construir | Farm |
| 13:46 | Crear | Spearman |
| 13:52 | Crear | Villager (Male) |
| 13:56 | Construir | House |
| 14:16 | Construir | Mining Camp |
| 14:26 | Construir | House |
| 14:31 | Crear | Villager (Male) |
| 14:33 | Crear | Spearman |
| 15:14 | Crear | Villager (Male) |
| 15:20 | Crear | Villager (Male) |
| 15:50 | Crear | Villager (Male) |
| 15:53 | Crear | Spearman |
| 15:53 | Crear | Spearman |
| 16:05 | Construir | Market |
| 16:16 | Crear | Villager (Male) |
| 16:33 | Crear | Spearman |
| 16:53 | Crear | Villager (Male) |
| 17:08 | Crear | Villager (Male) |
| 17:14 | Construir | House |
| 17:15 | Construir | House |
| 17:28 | Investigar | Castle Age |
| 18:37 | Crear | Villager (Male) |
| 18:38 | Construir | Stable |
| 18:50 | Construir | Lumber Camp |
| 18:55 | Construir | Blacksmith |
| 19:30 | Investigar | Bloodlines |
| 19:32 | Investigar | Scale Barding Armor |
| 20:24 | Edad | Edad de los Castillos |
| 20:25 | Investigar | Chain Barding Armor |
| 20:25 | Investigar | Chain Barding Armor |
| 20:25 | Investigar | Chain Barding Armor |
| 20:26 | Crear | Knight |
| 20:26 | Crear | Knight |
| 20:27 | Crear | Knight |
| 20:31 | Construir | Siege Workshop |
| 20:40 | Construir | Stone Wall |
| 20:41 | Construir | Stone Wall |
| 20:45 | Crear | Knight |
| 20:48 | Crear | Villager (Male) |
| 20:57 | Crear | Mangonel |
| 20:58 | Crear | Mangonel |
| 21:00 | Crear | Knight |
| 21:00 | Crear | Knight |
| 21:01 | Crear | Villager (Male) |
| 21:16 | Crear | Knight |
| 21:17 | Crear | Knight |
| 21:18 | Crear | Villager (Male) |
| 21:37 | Crear | Knight |
| 21:37 | Crear | Knight |
| 21:46 | Crear | Knight |
| 21:47 | Crear | Knight |
| 21:51 | Construir | House |
| 21:53 | Construir | House |
| 21:59 | Crear | Knight |
| 21:59 | Crear | Villager (Male) |
| 22:18 | Crear | Knight |
| 22:23 | Crear | Villager (Male) |
| 22:50 | Crear | Mangonel |
| 23:21 | Crear | Knight |
| 23:22 | Crear | Knight |
| 23:29 | Crear | Villager (Male) |
| 23:29 | Crear | Villager (Male) |
| 23:38 | Construir | House |
| 23:41 | Construir | House |
| 23:43 | Construir | House |
| 23:43 | Construir | House |
| 24:07 | Construir | Stable |
| 24:22 | Crear | Villager (Male) |
| 24:29 | Crear | Mangonel |
| 24:51 | Crear | Knight |
| 24:56 | Crear | Villager (Male) |
| 25:00 | Crear | Knight |
| 25:00 | Crear | Knight |
Build order — Wolf Knight
Primeras 150 de 335 acciones detectadas
| 0:02 | Crear | Villager (Male) |
| 0:02 | Crear | Villager (Male) |
| 0:03 | Crear | Villager (Male) |
| 0:03 | Crear | Villager (Male) |
| 0:05 | Construir | House |
| 0:06 | Construir | House |
| 1:25 | Crear | Villager (Male) |
| 1:25 | Crear | Villager (Male) |
| 1:50 | Construir | Lumber Camp |
| 1:55 | Crear | Villager (Male) |
| 1:55 | Crear | Villager (Male) |
| 2:17 | Crear | Villager (Male) |
| 2:17 | Crear | Villager (Male) |
| 3:00 | Crear | Villager (Male) |
| 3:00 | Crear | Villager (Male) |
| 3:13 | Crear | Villager (Male) |
| 3:14 | Crear | Villager (Male) |
| 3:48 | Crear | Villager (Male) |
| 3:48 | Crear | Villager (Male) |
| 4:03 | Crear | Villager (Male) |
| 4:10 | Construir | House |
| 4:33 | Crear | Villager (Male) |
| 4:56 | Construir | Mill |
| 4:59 | Crear | Villager (Male) |
| 4:59 | Crear | Villager (Male) |
| 5:16 | Crear | Villager (Male) |
| 5:41 | Crear | Villager (Male) |
| 5:41 | Crear | Villager (Male) |
| 5:58 | Construir | House |
| 6:10 | Crear | Villager (Male) |
| 6:10 | Crear | Villager (Male) |
| 6:42 | Crear | Villager (Male) |
| 6:42 | Crear | Villager (Male) |
| 6:48 | Construir | Farm |
| 7:07 | Crear | Villager (Male) |
| 7:08 | Crear | Villager (Male) |
| 7:15 | Construir | Farm |
| 7:31 | Crear | Villager (Male) |
| 7:31 | Crear | Villager (Male) |
| 7:40 | Construir | Farm |
| 7:59 | Construir | House |
| 8:03 | Construir | Farm |
| 8:06 | Crear | Villager (Male) |
| 8:28 | Construir | Farm |
| 8:54 | Crear | Villager (Male) |
| 8:54 | Crear | Villager (Male) |
| 9:23 | Construir | Mining Camp |
| 9:40 | Investigar | Feudal Age |
| 10:08 | Crear | Villager (Male) |
| 10:09 | Crear | Villager (Male) |
| 10:25 | Construir | Farm |
| 10:27 | Construir | Farm |
| 10:29 | Construir | Farm |
| 10:34 | Construir | Farm |
| 11:00 | Construir | Farm |
| 11:02 | Construir | Farm |
| 11:50 | Edad | Edad Feudal |
| 11:54 | Construir | Market |
| 12:02 | Construir | Blacksmith |
| 12:45 | Investigar | Double-Bit Axe |
| 12:47 | Investigar | Castle Age |
| 13:07 | Investigar | Horse Collar |
| 13:32 | Construir | House |
| 14:49 | Construir | Lumber Camp |
| 15:27 | Edad | Edad de los Castillos |
| 15:29 | Construir | Siege Workshop |
| 15:34 | Construir | Palisade Wall |
| 15:35 | Construir | Palisade Wall |
| 15:38 | Construir | Palisade Wall |
| 15:42 | Crear | Villager (Male) |
| 15:42 | Crear | Villager (Male) |
| 15:42 | Crear | Villager (Male) |
| 15:56 | Investigar | Fletching |
| 16:01 | Construir | Lumber Camp |
| 16:09 | Investigar | Bow Saw |
| 16:20 | Crear | Unit 1962 |
| 16:21 | Crear | Unit 1962 |
| 16:21 | Crear | Unit 1962 |
| 16:57 | Crear | Villager (Male) |
| 17:04 | Construir | Palisade Wall |
| 17:16 | Construir | House |
| 17:23 | Construir | House |
| 17:34 | Crear | Villager (Male) |
| 17:35 | Crear | Villager (Male) |
| 17:41 | Construir | Siege Workshop |
| 17:44 | Crear | Unit 1962 |
| 17:45 | Crear | Villager (Male) |
| 17:57 | Construir | Farm |
| 18:13 | Crear | Villager (Male) |
| 18:23 | Crear | Battering Ram |
| 18:25 | Crear | Unit 1962 |
| 18:49 | Crear | Villager (Male) |
| 19:18 | Crear | Villager (Male) |
| 19:32 | Crear | Villager (Male) |
| 19:32 | Crear | Villager (Male) |
| 19:38 | Crear | Unit 1962 |
| 19:38 | Crear | Unit 1962 |
| 19:38 | Crear | Unit 1962 |
| 19:44 | Construir | House |
| 19:44 | Construir | House |
| 19:45 | Construir | House |
| 19:45 | Investigar | Loom |
| 19:59 | Construir | House |
| 20:21 | Crear | Villager (Male) |
| 20:32 | Construir | Town Center |
| 20:39 | Construir | Town Center |
| 20:52 | Crear | Villager (Male) |
| 20:54 | Construir | House |
| 20:57 | Crear | Unit 1962 |
| 20:58 | Crear | Unit 1962 |
| 21:16 | Crear | Villager (Male) |
| 21:20 | Crear | Unit 1962 |
| 21:20 | Crear | Unit 1962 |
| 21:48 | Crear | Villager (Male) |
| 21:55 | Construir | House |
| 21:56 | Construir | House |
| 22:00 | Crear | Villager (Male) |
| 22:02 | Construir | Farm |
| 22:23 | Crear | Villager (Male) |
| 23:14 | Crear | Villager (Male) |
| 23:14 | Crear | Villager (Male) |
| 23:23 | Crear | Villager (Male) |
| 23:29 | Crear | Unit 1962 |
| 23:29 | Crear | Unit 1962 |
| 23:48 | Crear | Villager (Male) |
| 24:04 | Investigar | Padded Archer Armor |
| 24:06 | Crear | Villager (Male) |
| 24:06 | Crear | Villager (Male) |
| 24:06 | Crear | Villager (Male) |
| 24:08 | Construir | House |
| 24:09 | Construir | House |
| 24:09 | Construir | House |
| 24:29 | Crear | Villager (Male) |
| 24:51 | Crear | Unit 1962 |
| 24:51 | Crear | Unit 1962 |
| 24:55 | Crear | Villager (Male) |
| 25:15 | Crear | Villager (Male) |
| 25:27 | Construir | Farm |
| 25:27 | Construir | Farm |
| 25:28 | Construir | Farm |
| 25:28 | Construir | Farm |
| 25:28 | Construir | Farm |
| 25:28 | Construir | Farm |
| 25:29 | Construir | Farm |
| 25:31 | Crear | Villager (Male) |
| 25:32 | Crear | Villager (Male) |
| 25:32 | Crear | Villager (Male) |
| 25:32 | Crear | Villager (Male) |
| 25:41 | Crear | Villager (Male) |
| 25:43 | Construir | House |
Build order — MLT | Anna Flank
Primeras 150 de 275 acciones detectadas
| 0:01 | Crear | Villager (Male) |
| 0:01 | Crear | Villager (Male) |
| 0:01 | Crear | Villager (Male) |
| 0:01 | Crear | Villager (Male) |
| 0:03 | Construir | House |
| 0:04 | Construir | House |
| 1:30 | Crear | Villager (Male) |
| 1:31 | Crear | Villager (Male) |
| 1:54 | Construir | Lumber Camp |
| 2:07 | Crear | Villager (Male) |
| 2:07 | Crear | Villager (Male) |
| 2:20 | Crear | Villager (Male) |
| 2:20 | Crear | Villager (Male) |
| 2:33 | Construir | House |
| 2:44 | Crear | Villager (Male) |
| 2:44 | Crear | Villager (Male) |
| 3:06 | Construir | House |
| 3:19 | Crear | Villager (Male) |
| 3:41 | Crear | Villager (Male) |
| 3:41 | Crear | Villager (Male) |
| 3:41 | Crear | Villager (Male) |
| 3:56 | Construir | Lumber Camp |
| 4:12 | Crear | Villager (Male) |
| 4:45 | Crear | Villager (Male) |
| 5:15 | Crear | Villager (Male) |
| 5:15 | Crear | Villager (Male) |
| 5:34 | Construir | Mill |
| 5:39 | Construir | Mill |
| 6:11 | Crear | Villager (Male) |
| 6:19 | Construir | Farm |
| 6:20 | Construir | Farm |
| 6:24 | Construir | Farm |
| 6:25 | Crear | Villager (Male) |
| 6:44 | Crear | Villager (Male) |
| 6:46 | Construir | Farm |
| 6:53 | Crear | Villager (Male) |
| 6:55 | Construir | House |
| 7:11 | Construir | Farm |
| 7:28 | Crear | Villager (Male) |
| 7:43 | Construir | Farm |
| 8:00 | Construir | Farm |
| 8:05 | Crear | Villager (Male) |
| 8:25 | Construir | Farm |
| 8:35 | Crear | Villager (Male) |
| 8:38 | Construir | House |
| 8:50 | Construir | Mining Camp |
| 9:13 | Investigar | Feudal Age |
| 9:13 | Investigar | Feudal Age |
| 9:23 | Construir | Mining Camp |
| 10:09 | Crear | Villager (Male) |
| 10:09 | Crear | Villager (Male) |
| 11:23 | Edad | Edad Feudal |
| 11:24 | Crear | Villager (Male) |
| 11:29 | Construir | Blacksmith |
| 11:40 | Construir | Market |
| 11:44 | Crear | Villager (Male) |
| 12:43 | Investigar | Castle Age |
| 12:43 | Investigar | Castle Age |
| 13:18 | Investigar | Double-Bit Axe |
| 13:35 | Investigar | Horse Collar |
| 13:35 | Investigar | Horse Collar |
| 13:37 | Construir | Farm |
| 14:12 | Crear | Villager (Male) |
| 14:14 | Construir | Farm |
| 15:23 | Edad | Edad de los Castillos |
| 15:24 | Investigar | Bow Saw |
| 15:24 | Investigar | Heavy Plow |
| 15:25 | Construir | Farm |
| 15:28 | Crear | Villager (Male) |
| 15:35 | Construir | Farm |
| 15:39 | Crear | Villager (Male) |
| 15:55 | Construir | Farm |
| 16:07 | Crear | Villager (Male) |
| 16:09 | Construir | Farm |
| 16:11 | Construir | House |
| 16:21 | Construir | Castle |
| 16:25 | Construir | Palisade Wall |
| 16:27 | Construir | Farm |
| 16:29 | Crear | Villager (Male) |
| 16:41 | Construir | Farm |
| 17:05 | Crear | Villager (Male) |
| 17:33 | Crear | Villager (Male) |
| 17:40 | Construir | Farm |
| 17:46 | Crear | Janissary |
| 17:46 | Crear | Janissary |
| 17:46 | Crear | Janissary |
| 17:55 | Crear | Villager (Male) |
| 18:06 | Construir | Farm |
| 18:11 | Crear | Janissary |
| 18:30 | Crear | Janissary |
| 18:33 | Crear | Villager (Male) |
| 18:47 | Crear | Villager (Male) |
| 18:55 | Construir | Town Center |
| 18:57 | Construir | House |
| 19:02 | Construir | Palisade Wall |
| 19:03 | Construir | Palisade Wall |
| 19:05 | Construir | Palisade Wall |
| 19:07 | Crear | Janissary |
| 19:07 | Crear | Janissary |
| 19:08 | Crear | Janissary |
| 19:21 | Crear | Villager (Male) |
| 19:39 | Crear | Villager (Male) |
| 19:43 | Construir | Farm |
| 19:56 | Crear | Janissary |
| 19:56 | Crear | Janissary |
| 20:01 | Construir | Siege Workshop |
| 20:05 | Construir | House |
| 20:15 | Crear | Janissary |
| 20:15 | Crear | Janissary |
| 20:21 | Crear | Villager (Male) |
| 20:21 | Crear | Villager (Male) |
| 20:32 | Crear | Mangonel |
| 20:37 | Crear | Villager (Male) |
| 20:41 | Construir | House |
| 20:56 | Crear | Villager (Male) |
| 21:01 | Construir | Lumber Camp |
| 21:05 | Construir | House |
| 21:12 | Crear | Janissary |
| 21:12 | Crear | Janissary |
| 21:34 | Crear | Janissary |
| 21:34 | Crear | Janissary |
| 21:53 | Construir | Farm |
| 21:55 | Crear | Villager (Male) |
| 21:55 | Crear | Villager (Male) |
| 22:11 | Crear | Villager (Male) |
| 22:24 | Crear | Janissary |
| 22:24 | Crear | Janissary |
| 22:26 | Construir | Farm |
| 22:27 | Construir | Farm |
| 22:29 | Construir | Farm |
| 22:30 | Crear | Villager (Male) |
| 22:47 | Construir | House |
| 22:49 | Construir | House |
| 23:16 | Crear | Mangonel |
| 23:16 | Crear | Mangonel |
| 23:24 | Crear | Villager (Male) |
| 23:24 | Crear | Villager (Male) |
| 23:35 | Crear | Villager (Male) |
| 23:35 | Crear | Villager (Male) |
| 23:44 | Crear | Janissary |
| 23:44 | Crear | Janissary |
| 23:50 | Investigar | Loom |
| 24:14 | Construir | Castle |
| 24:25 | Crear | Janissary |
| 24:25 | Crear | Janissary |
| 24:29 | Crear | Villager (Male) |
| 24:29 | Crear | Villager (Male) |
| 24:56 | Construir | Castle |
| 25:18 | Construir | House |
| 25:30 | Crear | Villager (Male) |
Build order — the_llamatoast
Primeras 150 de 311 acciones detectadas
| 0:02 | Crear | Villager (Male) |
| 0:02 | Crear | Villager (Male) |
| 0:02 | Crear | Villager (Male) |
| 0:03 | Crear | Villager (Male) |
| 0:04 | Construir | House |
| 0:05 | Construir | House |
| 1:24 | Crear | Villager (Male) |
| 1:58 | Construir | Lumber Camp |
| 2:00 | Crear | Villager (Male) |
| 2:15 | Crear | Villager (Male) |
| 2:50 | Crear | Villager (Male) |
| 2:59 | Crear | Villager (Male) |
| 3:34 | Crear | Villager (Male) |
| 3:35 | Crear | Villager (Male) |
| 3:54 | Construir | House |
| 3:55 | Construir | House |
| 4:13 | Crear | Villager (Male) |
| 4:55 | Construir | House |
| 4:58 | Crear | Villager (Male) |
| 4:58 | Crear | Villager (Male) |
| 4:59 | Crear | Villager (Male) |
| 5:02 | Crear | Villager (Male) |
| 5:58 | Construir | Mill |
| 6:19 | Crear | Villager (Male) |
| 6:45 | Construir | Farm |
| 6:53 | Construir | Farm |
| 7:01 | Crear | Villager (Male) |
| 7:01 | Crear | Villager (Male) |
| 7:10 | Construir | Farm |
| 7:37 | Construir | Farm |
| 7:43 | Crear | Villager (Male) |
| 7:56 | Construir | Farm |
| 8:04 | Crear | Villager (Male) |
| 8:05 | Crear | Villager (Male) |
| 8:16 | Investigar | Loom |
| 8:17 | Investigar | Feudal Age |
| 8:37 | Construir | Mining Camp |
| 8:45 | Investigar | Loom |
| 8:45 | Investigar | Feudal Age |
| 8:52 | Construir | Farm |
| 10:08 | Construir | Farm |
| 10:14 | Crear | Villager (Male) |
| 10:14 | Crear | Villager (Male) |
| 11:22 | Edad | Edad Feudal |
| 11:26 | Construir | Blacksmith |
| 11:31 | Construir | Market |
| 11:57 | Investigar | Double-Bit Axe |
| 12:08 | Construir | House |
| 12:21 | Investigar | Castle Age |
| 12:38 | Construir | Farm |
| 12:39 | Construir | Farm |
| 12:42 | Construir | Lumber Camp |
| 12:44 | Construir | House |
| 13:18 | Construir | House |
| 13:21 | Investigar | Gold Mining |
| 14:02 | Crear | Villager (Male) |
| 14:03 | Crear | Villager (Male) |
| 15:01 | Edad | Edad de los Castillos |
| 15:08 | Construir | Siege Workshop |
| 15:12 | Crear | Villager (Male) |
| 15:17 | Construir | Palisade Wall |
| 15:18 | Construir | Palisade Wall |
| 15:52 | Construir | Siege Workshop |
| 15:54 | Crear | Villager (Male) |
| 15:55 | Construir | Farm |
| 15:58 | Construir | Farm |
| 16:02 | Investigar | Coinage |
| 16:10 | Crear | Villager (Male) |
| 16:13 | Crear | Scorpion |
| 16:40 | Crear | Scorpion |
| 16:43 | Crear | Scorpion |
| 16:45 | Crear | Scorpion |
| 16:59 | Crear | Scorpion |
| 17:14 | Crear | Villager (Male) |
| 17:14 | Crear | Villager (Male) |
| 17:18 | Crear | Villager (Male) |
| 17:18 | Crear | Villager (Male) |
| 17:19 | Crear | Scorpion |
| 17:36 | Crear | Scorpion |
| 17:40 | Crear | Battering Ram |
| 17:51 | Crear | Battering Ram |
| 17:53 | Crear | Villager (Male) |
| 17:57 | Crear | Villager (Male) |
| 17:58 | Crear | Scorpion |
| 18:20 | Crear | Scorpion |
| 18:21 | Crear | Villager (Male) |
| 18:43 | Crear | Villager (Male) |
| 18:45 | Construir | House |
| 18:50 | Crear | Scorpion |
| 18:54 | Construir | House |
| 19:01 | Crear | Villager (Male) |
| 19:02 | Construir | House |
| 19:17 | Crear | Scorpion |
| 19:41 | Crear | Scorpion |
| 19:54 | Construir | Town Center |
| 20:06 | Crear | Scorpion |
| 20:17 | Construir | House |
| 20:17 | Crear | Villager (Male) |
| 20:20 | Crear | Villager (Male) |
| 20:23 | Construir | Farm |
| 20:25 | Crear | Scorpion |
| 20:45 | Construir | Outpost |
| 20:48 | Construir | Farm |
| 20:49 | Construir | Farm |
| 20:57 | Crear | Scorpion |
| 21:05 | Crear | Scorpion |
| 21:19 | Crear | Scorpion |
| 21:23 | Crear | Villager (Male) |
| 21:33 | Construir | House |
| 21:46 | Crear | Villager (Male) |
| 21:48 | Construir | Farm |
| 21:53 | Crear | Villager (Male) |
| 21:56 | Crear | Scorpion |
| 21:56 | Crear | Scorpion |
| 22:33 | Crear | Villager (Male) |
| 22:55 | Construir | Siege Workshop |
| 23:02 | Crear | Scorpion |
| 23:44 | Crear | Scorpion |
| 23:46 | Crear | Villager (Male) |
| 23:47 | Crear | Villager (Male) |
| 23:53 | Crear | Scorpion |
| 24:04 | Construir | House |
| 24:10 | Crear | Scorpion |
| 24:19 | Crear | Villager (Male) |
| 24:21 | Crear | Villager (Male) |
| 24:25 | Crear | Scorpion |
| 24:36 | Crear | Villager (Male) |
| 24:41 | Crear | Villager (Male) |
| 24:43 | Construir | Siege Workshop |
| 24:44 | Crear | Scorpion |
| 24:59 | Construir | Farm |
| 25:03 | Crear | Villager (Male) |
| 25:09 | Crear | Scorpion |
| 25:34 | Crear | Villager (Male) |
| 25:36 | Construir | Farm |
| 25:36 | Construir | Farm |
| 25:37 | Construir | Farm |
| 25:44 | Crear | Scorpion |
| 26:04 | Construir | Monastery |
| 26:07 | Crear | Villager (Male) |
| 26:16 | Crear | Villager (Male) |
| 26:17 | Crear | Villager (Male) |
| 26:18 | Construir | Farm |
| 26:18 | Construir | Farm |
| 26:19 | Construir | Farm |
| 26:19 | Construir | Farm |
| 26:29 | Crear | Battering Ram |
| 26:41 | Crear | Battering Ram |
| 26:54 | Crear | Villager (Male) |
| 27:01 | Crear | Villager (Male) |
Build order — Dott_Berlu
Primeras 150 de 405 acciones detectadas
| 0:00 | Crear | Villager (Male) |
| 0:01 | Crear | Villager (Male) |
| 0:01 | Crear | Villager (Male) |
| 0:01 | Crear | Villager (Male) |
| 0:04 | Construir | House |
| 0:06 | Construir | House |
| 0:27 | Construir | House |
| 1:38 | Crear | Villager (Male) |
| 2:00 | Crear | Villager (Male) |
| 2:13 | Construir | Lumber Camp |
| 2:17 | Crear | Villager (Male) |
| 2:36 | Crear | Villager (Male) |
| 2:36 | Crear | Villager (Male) |
| 2:56 | Crear | Villager (Male) |
| 2:56 | Crear | Villager (Male) |
| 3:22 | Crear | Villager (Male) |
| 3:22 | Crear | Villager (Male) |
| 3:42 | Crear | Villager (Male) |
| 3:43 | Crear | Villager (Male) |
| 4:08 | Crear | Villager (Male) |
| 4:09 | Crear | Villager (Male) |
| 4:09 | Crear | Villager (Male) |
| 4:47 | Crear | Villager (Male) |
| 4:47 | Crear | Villager (Male) |
| 5:22 | Construir | Mill |
| 5:30 | Crear | Villager (Male) |
| 5:30 | Crear | Villager (Male) |
| 5:33 | Construir | House |
| 5:34 | Construir | House |
| 5:35 | Construir | House |
| 5:48 | Crear | Villager (Male) |
| 6:08 | Construir | Farm |
| 6:20 | Crear | Villager (Male) |
| 6:20 | Crear | Villager (Male) |
| 6:29 | Construir | Farm |
| 6:47 | Crear | Villager (Male) |
| 7:01 | Construir | Farm |
| 7:05 | Crear | Villager (Male) |
| 7:37 | Construir | Farm |
| 8:10 | Construir | Mining Camp |
| 8:38 | Investigar | Feudal Age |
| 8:42 | Construir | Farm |
| 9:31 | Crear | Villager (Male) |
| 9:31 | Crear | Villager (Male) |
| 10:57 | Edad | Edad Feudal |
| 11:08 | Construir | Market |
| 11:15 | Construir | Blacksmith |
| 12:09 | Investigar | Castle Age |
| 12:09 | Investigar | Castle Age |
| 13:02 | Construir | Farm |
| 13:06 | Construir | Farm |
| 13:11 | Construir | Farm |
| 13:13 | Construir | Farm |
| 13:18 | Construir | Farm |
| 13:33 | Investigar | Double-Bit Axe |
| 13:52 | Investigar | Horse Collar |
| 13:52 | Investigar | Horse Collar |
| 14:29 | Crear | Villager (Male) |
| 14:49 | Edad | Edad de los Castillos |
| 14:56 | Construir | Town Center |
| 15:07 | Construir | Town Center |
| 15:12 | Crear | Villager (Male) |
| 15:13 | Construir | Farm |
| 15:24 | Investigar | Bow Saw |
| 15:34 | Construir | Farm |
| 15:37 | Construir | Farm |
| 15:56 | Construir | Farm |
| 15:56 | Construir | Farm |
| 16:04 | Crear | Villager (Male) |
| 16:07 | Crear | Villager (Male) |
| 16:08 | Crear | Villager (Male) |
| 16:16 | Crear | Villager (Male) |
| 16:22 | Construir | Farm |
| 16:24 | Crear | Villager (Male) |
| 16:36 | Construir | Farm |
| 16:39 | Construir | Farm |
| 16:46 | Crear | Villager (Male) |
| 16:50 | Crear | Villager (Male) |
| 16:54 | Construir | Farm |
| 17:18 | Crear | Villager (Male) |
| 17:18 | Crear | Villager (Male) |
| 17:22 | Crear | Villager (Male) |
| 17:23 | Crear | Villager (Male) |
| 17:38 | Crear | Villager (Male) |
| 17:39 | Crear | Villager (Male) |
| 17:39 | Crear | Villager (Male) |
| 17:42 | Construir | Farm |
| 17:50 | Construir | House |
| 17:51 | Construir | House |
| 18:00 | Investigar | Town Watch |
| 18:01 | Crear | Villager (Male) |
| 18:05 | Construir | Farm |
| 18:08 | Construir | Farm |
| 18:17 | Crear | Villager (Male) |
| 18:21 | Crear | Villager (Male) |
| 18:21 | Crear | Villager (Male) |
| 18:23 | Construir | Farm |
| 18:27 | Construir | Farm |
| 18:30 | Construir | Farm |
| 18:37 | Crear | Villager (Male) |
| 18:49 | Crear | Villager (Male) |
| 19:03 | Crear | Villager (Male) |
| 19:03 | Crear | Villager (Male) |
| 19:11 | Crear | Villager (Male) |
| 19:21 | Construir | Farm |
| 19:22 | Construir | Farm |
| 19:24 | Crear | Villager (Male) |
| 19:24 | Crear | Villager (Male) |
| 19:24 | Crear | Villager (Male) |
| 19:24 | Crear | Villager (Male) |
| 19:27 | Construir | House |
| 19:27 | Construir | House |
| 19:36 | Crear | Villager (Male) |
| 19:44 | Construir | Farm |
| 19:48 | Construir | Farm |
| 19:50 | Construir | Farm |
| 19:51 | Crear | Villager (Male) |
| 19:51 | Crear | Villager (Male) |
| 19:51 | Crear | Villager (Male) |
| 19:54 | Construir | Farm |
| 20:13 | Investigar | Wheelbarrow |
| 20:13 | Investigar | Wheelbarrow |
| 20:19 | Construir | House |
| 20:20 | Construir | House |
| 20:33 | Crear | Villager (Male) |
| 20:33 | Crear | Villager (Male) |
| 20:34 | Crear | Villager (Male) |
| 20:41 | Crear | Villager (Male) |
| 20:42 | Crear | Villager (Male) |
| 20:43 | Crear | Villager (Male) |
| 20:43 | Crear | Villager (Male) |
| 20:57 | Investigar | Loom |
| 21:01 | Crear | Villager (Male) |
| 21:01 | Crear | Villager (Male) |
| 21:01 | Crear | Villager (Male) |
| 21:24 | Construir | Castle |
| 21:27 | Crear | Villager (Male) |
| 21:27 | Crear | Villager (Male) |
| 21:28 | Crear | Villager (Male) |
| 21:28 | Crear | Villager (Male) |
| 21:44 | Construir | Farm |
| 21:49 | Construir | Farm |
| 21:50 | Crear | Villager (Male) |
| 21:50 | Crear | Villager (Male) |
| 21:50 | Crear | Villager (Male) |
| 21:54 | Construir | House |
| 21:55 | Construir | House |
| 21:56 | Construir | House |
| 22:07 | Construir | Town Center |
| 22:14 | Construir | Farm |
Build order — Spank~
Primeras 150 de 485 acciones detectadas
| 0:02 | Crear | Villager (Male) ×4 |
| 0:03 | Construir | House |
| 0:05 | Construir | House |
| 1:28 | Crear | Villager (Male) |
| 1:51 | Construir | Lumber Camp |
| 1:57 | Crear | Villager (Male) |
| 2:27 | Crear | Villager (Male) |
| 2:40 | Crear | Villager (Male) |
| 2:41 | Crear | Villager (Male) |
| 3:11 | Crear | Villager (Male) |
| 3:36 | Crear | Villager (Male) |
| 3:51 | Construir | House |
| 4:02 | Crear | Villager (Male) |
| 4:02 | Crear | Villager (Male) |
| 4:12 | Crear | Villager (Male) |
| 4:24 | Construir | House |
| 4:30 | Crear | Villager (Male) |
| 4:33 | Crear | Villager (Male) |
| 4:46 | Crear | Villager (Male) |
| 4:47 | Crear | Villager (Male) |
| 5:14 | Crear | Villager (Male) |
| 5:25 | Construir | Mill |
| 5:27 | Crear | Villager (Male) |
| 5:32 | Crear | Villager (Male) |
| 6:09 | Construir | Farm |
| 6:20 | Crear | Villager (Male) |
| 6:37 | Construir | Farm |
| 6:47 | Crear | Villager (Male) |
| 7:11 | Construir | Farm |
| 7:30 | Construir | Farm |
| 7:46 | Construir | Farm |
| 7:51 | Crear | Villager (Male) |
| 7:55 | Construir | House |
| 8:16 | Crear | Villager (Male) |
| 8:25 | Construir | Mining Camp |
| 8:35 | Crear | Villager (Male) |
| 9:05 | Construir | Farm |
| 9:19 | Construir | Farm |
| 9:23 | Investigar | Feudal Age |
| 9:41 | Construir | Farm |
| 9:52 | Construir | Farm |
| 10:39 | Construir | Farm |
| 11:31 | Construir | House |
| 11:47 | Edad | Edad Feudal |
| 11:49 | Investigar | Castle Age |
| 12:01 | Investigar | Double-Bit Axe |
| 12:09 | Investigar | Horse Collar |
| 12:14 | Construir | House |
| 12:52 | Investigar | Loom |
| 12:52 | Crear | Villager (Male) |
| 12:57 | Crear | Villager (Male) |
| 13:02 | Construir | House |
| 13:47 | Construir | House |
| 13:51 | Construir | House |
| 14:02 | Construir | House |
| 14:29 | Edad | Edad de los Castillos |
| 14:33 | Construir | Town Center |
| 14:35 | Investigar | Bow Saw |
| 14:35 | Investigar | Bow Saw |
| 15:10 | Crear | Villager (Male) |
| 15:11 | Crear | Villager (Male) |
| 15:45 | Crear | Villager (Male) |
| 16:19 | Investigar | Heavy Plow |
| 16:34 | Crear | Villager (Male) |
| 16:35 | Crear | Villager (Male) |
| 16:41 | Investigar | Wheelbarrow |
| 16:45 | Crear | Villager (Male) |
| 17:08 | Construir | Town Center |
| 17:10 | Construir | Farm |
| 17:12 | Crear | Villager (Male) |
| 17:31 | Crear | Villager (Male) |
| 17:47 | Construir | Market |
| 17:51 | Crear | Villager (Male) |
| 17:58 | Construir | Farm |
| 18:08 | Construir | Farm |
| 18:09 | Crear | Villager (Male) |
| 18:21 | Crear | Villager (Male) |
| 18:42 | Crear | Villager (Male) |
| 18:46 | Construir | Town Center |
| 18:48 | Crear | Villager (Male) |
| 18:53 | Construir | Farm |
| 18:56 | Crear | Villager (Male) |
| 19:11 | Construir | Farm |
| 19:12 | Crear | Villager (Male) |
| 19:16 | Crear | Villager (Male) |
| 19:31 | Crear | Villager (Male) |
| 19:33 | Crear | Villager (Male) |
| 19:35 | Construir | Farm |
| 19:37 | Construir | Farm |
| 19:42 | Crear | Villager (Male) |
| 19:45 | Construir | Farm |
| 19:55 | Construir | Farm |
| 20:01 | Construir | Farm |
| 20:02 | Crear | Villager (Male) |
| 20:08 | Construir | Farm |
| 20:11 | Crear | Villager (Male) |
| 20:16 | Construir | Farm |
| 20:19 | Construir | Farm |
| 20:25 | Crear | Villager (Male) |
| 20:28 | Construir | Farm |
| 20:36 | Crear | Villager (Male) |
| 20:38 | Crear | Villager (Male) |
| 20:38 | Crear | Villager (Male) |
| 20:41 | Construir | Farm |
| 20:43 | Construir | Farm |
| 20:45 | Construir | Farm |
| 20:46 | Crear | Villager (Male) |
| 20:53 | Construir | Farm |
| 20:56 | Construir | Farm |
| 20:57 | Crear | Villager (Male) |
| 21:02 | Construir | House |
| 21:03 | Crear | Villager (Male) |
| 21:09 | Construir | Farm |
| 21:15 | Construir | Farm |
| 21:16 | Construir | Farm |
| 21:17 | Crear | Villager (Male) |
| 21:17 | Crear | Villager (Male) |
| 21:24 | Construir | Farm |
| 21:25 | Crear | Villager (Male) |
| 21:32 | Crear | Villager (Male) |
| 21:38 | Construir | Farm |
| 21:39 | Crear | Villager (Male) |
| 21:39 | Crear | Villager (Male) |
| 21:43 | Crear | Villager (Male) |
| 21:50 | Crear | Villager (Male) |
| 21:59 | Crear | Villager (Male) |
| 22:02 | Construir | House |
| 22:03 | Crear | Villager (Male) |
| 22:08 | Crear | Villager (Male) |
| 22:11 | Construir | Farm |
| 22:13 | Construir | Farm |
| 22:14 | Crear | Villager (Male) |
| 22:17 | Crear | Villager (Male) |
| 22:26 | Crear | Villager (Male) |
| 22:29 | Construir | Farm |
| 22:32 | Construir | Farm |
| 22:34 | Construir | House |
| 22:35 | Crear | Villager (Male) |
| 22:35 | Crear | Villager (Male) |
| 22:42 | Construir | Farm |
| 22:43 | Construir | Farm |
| 22:44 | Construir | Farm |
| 22:45 | Construir | Farm |
| 22:46 | Construir | Farm |
| 22:48 | Construir | Farm |
| 22:51 | Crear | Villager (Male) |
| 22:54 | Construir | Farm |
| 22:57 | Construir | Farm |
| 22:58 | Crear | Villager (Male) |
| 23:01 | Investigar | Heavy Plow |
Build order — Simvall
Primeras 150 de 501 acciones detectadas
| 0:02 | Crear | Villager (Male) |
| 0:02 | Crear | Villager (Male) |
| 0:02 | Crear | Villager (Male) |
| 0:03 | Crear | Villager (Male) |
| 0:05 | Construir | House |
| 0:07 | Construir | House |
| 0:10 | Crear | Villager (Male) |
| 0:10 | Crear | Villager (Male) |
| 1:02 | Construir | House |
| 1:45 | Crear | Villager (Male) |
| 1:46 | Crear | Villager (Male) |
| 1:46 | Crear | Villager (Male) |
| 1:56 | Construir | Lumber Camp |
| 2:18 | Crear | Villager (Male) |
| 2:18 | Crear | Villager (Male) |
| 2:50 | Crear | Villager (Male) |
| 2:50 | Crear | Villager (Male) |
| 3:18 | Crear | Villager (Male) |
| 3:18 | Crear | Villager (Male) |
| 3:18 | Crear | Villager (Male) |
| 3:44 | Crear | Villager (Male) |
| 3:44 | Crear | Villager (Male) |
| 3:44 | Crear | Villager (Male) |
| 4:27 | Crear | Villager (Male) |
| 4:29 | Crear | Villager (Male) |
| 4:29 | Crear | Villager (Male) |
| 4:41 | Construir | Mill |
| 4:54 | Crear | Villager (Male) |
| 4:54 | Crear | Villager (Male) |
| 4:55 | Crear | Villager (Male) |
| 5:09 | Crear | Villager (Male) |
| 5:09 | Crear | Villager (Male) |
| 5:09 | Crear | Villager (Male) |
| 5:33 | Construir | House |
| 5:34 | Construir | House |
| 6:22 | Crear | Villager (Male) |
| 7:15 | Investigar | Feudal Age |
| 7:15 | Investigar | Feudal Age |
| 8:45 | Construir | Farm |
| 8:45 | Construir | Farm |
| 8:46 | Construir | Farm |
| 8:46 | Construir | Farm |
| 8:46 | Construir | Farm |
| 8:46 | Construir | Farm |
| 8:46 | Construir | Farm |
| 8:47 | Construir | Farm |
| 8:47 | Construir | Farm |
| 8:47 | Construir | Farm |
| 8:48 | Construir | Farm |
| 8:48 | Construir | Farm |
| 8:48 | Construir | Farm |
| 8:48 | Construir | Farm |
| 8:49 | Construir | Farm |
| 9:02 | Crear | Villager (Male) |
| 9:10 | Construir | House |
| 9:22 | Edad | Edad Feudal |
| 9:24 | Investigar | Double-Bit Axe |
| 9:24 | Investigar | Horse Collar |
| 9:24 | Investigar | Horse Collar |
| 9:24 | Investigar | Horse Collar |
| 9:35 | Construir | House |
| 9:39 | Crear | Villager (Male) |
| 9:48 | Crear | Villager (Male) |
| 9:50 | Construir | Farm |
| 9:54 | Construir | Farm |
| 10:11 | Construir | Farm |
| 10:21 | Construir | Farm |
| 10:22 | Construir | Farm |
| 10:23 | Construir | Farm |
| 10:26 | Crear | Villager (Male) |
| 10:29 | Construir | Farm |
| 10:36 | Construir | Farm |
| 10:44 | Crear | Villager (Male) |
| 10:51 | Construir | Farm |
| 10:55 | Crear | Villager (Male) |
| 11:04 | Construir | Farm |
| 11:16 | Crear | Villager (Male) |
| 11:24 | Construir | Farm |
| 11:28 | Crear | Villager (Male) |
| 11:40 | Construir | Farm |
| 11:42 | Crear | Villager (Male) |
| 11:57 | Construir | Farm |
| 12:00 | Crear | Villager (Male) |
| 12:49 | Construir | Blacksmith |
| 12:50 | Crear | Villager (Male) |
| 12:57 | Construir | House |
| 13:05 | Crear | Villager (Male) |
| 13:05 | Crear | Villager (Male) |
| 13:25 | Construir | House |
| 13:55 | Construir | Market |
| 14:17 | Investigar | Loom |
| 14:17 | Investigar | Loom |
| 14:41 | Investigar | Castle Age |
| 14:41 | Investigar | Castle Age |
| 14:41 | Investigar | Castle Age |
| 17:06 | Edad | Edad de los Castillos |
| 17:12 | Construir | Town Center |
| 17:17 | Construir | Town Center |
| 17:21 | Crear | Villager (Male) |
| 17:22 | Crear | Villager (Male) |
| 17:23 | Investigar | Bow Saw |
| 17:23 | Investigar | Bow Saw |
| 17:23 | Investigar | Bow Saw |
| 17:26 | Investigar | Heavy Plow |
| 17:26 | Investigar | Heavy Plow |
| 17:41 | Investigar | Bow Saw |
| 17:42 | Crear | Villager (Male) |
| 17:49 | Construir | Palisade Wall |
| 17:50 | Construir | Palisade Wall |
| 17:52 | Construir | Palisade Wall |
| 17:59 | Construir | Palisade Wall |
| 18:01 | Construir | Palisade Wall |
| 18:02 | Construir | Palisade Wall |
| 18:06 | Construir | Palisade Wall |
| 18:08 | Construir | Palisade Wall |
| 18:12 | Crear | Villager (Male) |
| 18:36 | Crear | Villager (Male) |
| 18:56 | Crear | Villager (Male) |
| 18:57 | Crear | Villager (Male) |
| 19:06 | Construir | Siege Workshop |
| 19:17 | Crear | Villager (Male) |
| 19:32 | Construir | Town Center |
| 19:37 | Crear | Villager (Male) |
| 19:37 | Crear | Villager (Male) |
| 19:54 | Crear | Villager (Male) |
| 19:55 | Crear | Villager (Male) |
| 19:57 | Construir | Palisade Wall |
| 20:11 | Crear | Mangonel |
| 20:11 | Crear | Mangonel |
| 20:14 | Crear | Villager (Male) |
| 20:14 | Crear | Villager (Male) |
| 20:14 | Crear | Villager (Male) |
| 20:24 | Construir | Stone Wall |
| 20:27 | Crear | Villager (Male) |
| 20:37 | Crear | Villager (Male) |
| 20:37 | Crear | Villager (Male) |
| 20:38 | Crear | Villager (Male) |
| 20:38 | Crear | Villager (Male) |
| 20:40 | Investigar | Wheelbarrow |
| 20:41 | Investigar | Wheelbarrow |
| 20:54 | Investigar | Wheelbarrow |
| 20:58 | Crear | Villager (Male) |
| 20:58 | Crear | Villager (Male) |
| 21:02 | Crear | Villager (Male) |
| 21:02 | Crear | Villager (Male) |
| 21:05 | Construir | Farm |
| 21:05 | Construir | Farm |
| 21:08 | Construir | Farm |
| 21:10 | Construir | Farm |
| 21:11 | Crear | Villager (Male) |
Build order — Paradigma
Primeras 150 de 257 acciones detectadas
| 0:02 | Crear | Villager (Male) ×4 |
| 0:07 | Construir | House |
| 0:10 | Construir | House |
| 0:15 | Construir | House |
| 0:28 | Construir | Mill |
| 2:03 | Crear | Villager (Male) |
| 2:32 | Crear | Villager (Male) |
| 2:32 | Crear | Villager (Male) |
| 2:32 | Crear | Villager (Male) |
| 3:18 | Crear | Villager (Male) |
| 3:34 | Construir | House |
| 3:38 | Crear | Villager (Male) |
| 4:23 | Crear | Villager (Male) |
| 4:23 | Crear | Villager (Male) |
| 4:53 | Construir | Lumber Camp |
| 4:55 | Crear | Villager (Male) |
| 4:55 | Crear | Villager (Male) |
| 5:19 | Crear | Villager (Male) |
| 5:19 | Crear | Villager (Male) |
| 5:50 | Construir | House |
| 6:55 | Investigar | Feudal Age |
| 7:25 | Construir | Barracks |
| 7:39 | Crear | Villager (Male) |
| 9:11 | Construir | Lumber Camp |
| 9:17 | Edad | Edad Feudal |
| 9:19 | Construir | Stable |
| 9:27 | Investigar | Double-Bit Axe |
| 9:33 | Investigar | Loom |
| 9:49 | Construir | House |
| 10:02 | Investigar | Horse Collar |
| 10:10 | Construir | Farm |
| 10:14 | Crear | Villager (Male) |
| 10:17 | Construir | Farm |
| 10:18 | Crear | Scout Cavalry |
| 10:18 | Crear | Scout Cavalry |
| 10:27 | Crear | Scout Cavalry |
| 10:42 | Construir | Farm |
| 10:44 | Construir | Farm |
| 10:48 | Crear | Villager (Male) |
| 10:55 | Construir | Farm |
| 10:56 | Construir | Farm |
| 10:58 | Construir | Farm |
| 11:17 | Construir | Farm |
| 11:22 | Construir | Farm |
| 11:29 | Construir | Farm |
| 11:30 | Crear | Villager (Male) |
| 11:42 | Construir | Farm |
| 11:52 | Crear | Villager (Male) |
| 11:56 | Construir | House |
| 11:58 | Construir | Farm |
| 12:20 | Crear | Villager (Male) |
| 12:23 | Construir | Farm |
| 12:33 | Construir | Farm |
| 12:37 | Construir | Farm |
| 12:38 | Crear | Villager (Male) |
| 13:01 | Investigar | Wheelbarrow |
| 13:18 | Construir | Mining Camp |
| 13:23 | Crear | Villager (Male) |
| 13:28 | Construir | Outpost |
| 13:30 | Construir | Outpost |
| 13:31 | Construir | Outpost |
| 13:58 | Crear | Villager (Male) |
| 14:18 | Construir | House |
| 14:34 | Crear | Villager (Male) |
| 14:46 | Investigar | Town Watch |
| 15:21 | Crear | Villager (Male) |
| 15:51 | Crear | Villager (Male) |
| 16:10 | Construir | Outpost |
| 16:19 | Crear | Villager (Male) |
| 16:22 | Construir | Blacksmith |
| 16:25 | Construir | House |
| 16:45 | Crear | Villager (Male) |
| 17:19 | Investigar | Castle Age |
| 17:26 | Construir | Stable |
| 17:36 | Investigar | Forging |
| 17:38 | Investigar | Bloodlines |
| 17:44 | Construir | Outpost |
| 17:46 | Construir | Outpost |
| 18:15 | Investigar | Scale Barding Armor |
| 19:42 | Crear | Camel Scout |
| 19:42 | Crear | Camel Scout |
| 19:59 | Edad | Edad de los Castillos |
| 20:00 | Crear | Villager (Male) |
| 20:01 | Crear | Camel Scout |
| 20:02 | Crear | Camel Scout |
| 20:02 | Crear | Shrivamsha Rider |
| 20:07 | Crear | Villager (Male) |
| 20:08 | Crear | Villager (Male) |
| 20:17 | Construir | Town Center |
| 20:34 | Crear | Shrivamsha Rider |
| 20:34 | Crear | Shrivamsha Rider |
| 20:36 | Investigar | Husbandry |
| 20:37 | Crear | Villager (Male) |
| 20:38 | Crear | Villager (Male) |
| 21:11 | Crear | Shrivamsha Rider |
| 21:24 | Crear | Villager (Male) |
| 21:27 | Construir | House |
| 21:30 | Construir | House |
| 21:32 | Investigar | Bow Saw |
| 21:41 | Crear | Villager (Male) |
| 22:15 | Crear | Shrivamsha Rider |
| 22:16 | Crear | Shrivamsha Rider |
| 23:03 | Crear | Villager (Male) |
| 23:04 | Crear | Villager (Male) |
| 23:04 | Crear | Shrivamsha Rider |
| 23:05 | Crear | Shrivamsha Rider |
| 23:05 | Crear | Shrivamsha Rider |
| 23:06 | Crear | Shrivamsha Rider |
| 23:06 | Crear | Shrivamsha Rider |
| 23:06 | Crear | Shrivamsha Rider |
| 23:26 | Crear | Shrivamsha Rider |
| 23:27 | Crear | Shrivamsha Rider |
| 23:28 | Crear | Villager (Male) |
| 23:28 | Crear | Villager (Male) |
| 23:33 | Construir | Town Center |
| 23:38 | Crear | Villager (Male) |
| 23:43 | Construir | Farm |
| 23:44 | Construir | Farm |
| 24:05 | Crear | Camel Scout |
| 24:05 | Crear | Camel Scout |
| 24:09 | Crear | Villager (Male) |
| 24:09 | Crear | Villager (Male) |
| 24:25 | Construir | Outpost |
| 24:33 | Crear | Camel Scout |
| 24:33 | Crear | Camel Scout |
| 24:36 | Crear | Villager (Male) |
| 24:36 | Crear | Villager (Male) |
| 24:39 | Construir | Farm |
| 24:45 | Crear | Villager (Male) |
| 24:45 | Crear | Villager (Male) |
| 25:31 | Crear | Shrivamsha Rider |
| 25:31 | Crear | Camel Scout |
| 25:31 | Crear | Shrivamsha Rider |
| 25:31 | Crear | Camel Scout |
| 25:36 | Crear | Villager (Male) |
| 25:36 | Crear | Villager (Male) |
| 25:37 | Crear | Villager (Male) |
| 25:41 | Construir | Farm |
| 25:43 | Construir | Farm |
| 25:52 | Construir | Outpost |
| 25:53 | Construir | Outpost |
| 25:56 | Crear | Shrivamsha Rider |
| 25:56 | Crear | Camel Scout |
| 26:00 | Crear | Villager (Male) |
| 26:00 | Crear | Villager (Male) |
| 26:11 | Construir | House |
| 26:12 | Construir | House |
| 26:14 | Construir | House |
| 26:17 | Construir | House |
| 26:18 | Construir | House |
Cronología de la partida
| 7:25 | Paradigma · first_building Barracks |
| 7:36 | Marco Aurelio · first_building Barracks |
| 8:53 | Marco Aurelio · age_up feudal |
| 8:59 | Marco Aurelio · first_building Stable |
| 9:17 | Paradigma · age_up feudal |
| 9:19 | Paradigma · first_building Stable |
| 9:22 | Simvall · age_up feudal |
| 10:57 | Dott_Berlu · age_up feudal |
| 11:22 | the_llamatoast · age_up feudal |
| 11:23 | MLT | Anna Flank · age_up feudal |
| 11:47 | Spank~ · age_up feudal |
| 11:50 | Wolf Knight · age_up feudal |
| 14:29 | Spank~ · age_up castle |
| 14:49 | Dott_Berlu · age_up castle |
| 15:01 | the_llamatoast · age_up castle |
| 15:08 | the_llamatoast · first_building Siege Workshop |
| 15:17 | the_llamatoast · wall_segment Palisade Wall x1 |
| 15:18 | the_llamatoast · wall_segment Palisade Wall x1 |
| 15:23 | MLT | Anna Flank · age_up castle |
| 15:27 | Wolf Knight · age_up castle |
| 15:29 | Wolf Knight · first_building Siege Workshop |
| 15:34 | Wolf Knight · wall_segment Palisade Wall x1 |
| 15:35 | Wolf Knight · wall_segment Palisade Wall x1 |
| 15:38 | Wolf Knight · wall_segment Palisade Wall x1 |
| 16:02 | the_llamatoast · first_market_buy 100 wood |
| 16:08 | Wolf Knight · first_market_buy 100 wood |
| 16:21 | MLT | Anna Flank · first_building Castle |
| 16:25 | MLT | Anna Flank · wall_segment Palisade Wall x1 |
| 17:04 | Wolf Knight · wall_segment Palisade Wall x1 |
| 17:06 | Simvall · age_up castle |
| 17:25 | Marco Aurelio · first_market_sell 100 wood |
| 17:26 | Marco Aurelio · first_market_buy 100 food |
| 17:38 | Dott_Berlu · first_market_buy 100 food |
| 17:42 | the_llamatoast · first_market_sell 100 food |
| 17:49 | Simvall · wall_segment Palisade Wall x1 |
| 17:50 | Simvall · wall_segment Palisade Wall x1 |
| 17:52 | Simvall · wall_segment Palisade Wall x1 |
| 17:59 | Simvall · wall_segment Palisade Wall x1 |
| 18:01 | Simvall · wall_segment Palisade Wall x1 |
| 18:02 | Simvall · wall_segment Palisade Wall x1 |
| 18:06 | Simvall · wall_segment Palisade Wall x1 |
| 18:08 | Simvall · wall_segment Palisade Wall x1 |
| 18:14 | Simvall · first_market_buy 100 stone |
| 18:35 | Spank~ · first_market_buy 100 stone |
| 19:02 | MLT | Anna Flank · wall_segment Palisade Wall x1 |
| 19:03 | MLT | Anna Flank · wall_segment Palisade Wall x1 |
| 19:05 | MLT | Anna Flank · wall_segment Palisade Wall x1 |
| 19:06 | Simvall · first_building Siege Workshop |
| 19:23 | MLT | Anna Flank · first_market_buy 100 wood |
| 19:57 | Simvall · wall_segment Palisade Wall x1 |
| 19:59 | Paradigma · age_up castle |
| 20:01 | MLT | Anna Flank · first_building Siege Workshop |
| 20:01 | Simvall · first_market_sell 100 food |
| 20:24 | Simvall · wall_segment Stone Wall x1 |
| 20:24 | Marco Aurelio · age_up castle |
| 20:31 | Marco Aurelio · first_building Siege Workshop |
| 20:40 | Marco Aurelio · wall_segment Stone Wall x4 |
| 20:41 | Marco Aurelio · wall_segment Stone Wall x1 |
| 20:57 | MLT | Anna Flank · first_market_sell 100 stone |
| 21:24 | Dott_Berlu · first_building Castle |
| 23:41 | Dott_Berlu · first_building Siege Workshop |
| 25:26 | Spank~ · first_building Castle |
| 25:27 | Dott_Berlu · first_building Barracks |
| 26:04 | the_llamatoast · first_building Monastery |
| 26:48 | Simvall · first_building Monastery |
| 26:52 | MLT | Anna Flank · wall_segment Stone Wall x1 |
| 26:52 | MLT | Anna Flank · wall_segment Stone Wall x1 |
| 27:14 | Spank~ · first_market_sell 100 food |
| 27:31 | Spank~ · first_building Stable |
| 27:57 | Dott_Berlu · age_up imperial |
| 28:04 | Simvall · first_building Castle |
| 28:19 | Marco Aurelio · first_building Monastery |
| 28:43 | Dott_Berlu · first_building Donjon |
| 29:50 | Wolf Knight · first_building Barracks |
| 29:53 | MLT | Anna Flank · wall_segment Palisade Wall x1 |
| 30:03 | Dott_Berlu · first_market_sell 100 wood |
| 30:03 | Marco Aurelio · first_building Krepost |
| 30:35 | Spank~ · age_up imperial |
| 30:58 | Simvall · wall_segment Stone Wall x1 |
| 30:59 | Simvall · wall_segment Stone Wall x1 |
| 30:59 | Simvall · wall_segment Stone Wall x1 |
| 31:02 | Wolf Knight · first_building Archery Range |
| 31:08 | Wolf Knight · first_building Castle |
| 31:10 | Simvall · first_building Barracks |
| 31:21 | Simvall · wall_segment Stone Wall x1 |
| 31:25 | Simvall · wall_segment Stone Wall x1 |
| 31:29 | Simvall · wall_segment Stone Wall x1 |
| 31:35 | Simvall · wall_segment Stone Wall x1 |
| 31:44 | Simvall · wall_segment Stone Wall x1 |
| 32:06 | Simvall · age_up imperial |
| 32:21 | Simvall · first_building Stable |
| 32:22 | Spank~ · first_building Siege Workshop |
| 32:44 | the_llamatoast · wall_segment Stone Wall x1 |
| 32:48 | the_llamatoast · wall_segment Stone Wall x1 |
| 33:07 | Paradigma · first_building Castle |
| 35:15 | Wolf Knight · age_up imperial |
| 35:17 | Spank~ · first_building Barracks |
| 35:24 | Wolf Knight · first_market_sell 500 wood |
| 37:19 | the_llamatoast · first_building Barracks |
| 38:11 | Paradigma · wall_segment Stone Wall x9 |
| 38:42 | Simvall · resign |
[ ANÁLISIS IA · 1 CRÉDITO ]
¿Qué pasó realmente en esta partida?
Wolo.gg analiza cada decisión: build order, eco, micro, errores típicos por bracket. Análisis personalizado por WhatsApp o Discord en 30 segundos.
Guía civ
Búlgaros
Perfil
Cagata Sonante